 Dungeon Crawl Stone Soup version 0.20.1-1-g8b1a95d (webtiles) character file.

3971 gobwax the Spear-Bearer (level 10, -3/105 HPs)
             Began as a Demonspawn Chaos Knight on Sept 7, 2017.
             Slain by a meliai zombie (4 damage)
             ... on level 8 of the Dungeon.
             The game lasted 00:15:48 (5493 turns).

gobwax the Spear-Bearer (Demonspawn Chaos Knight)   Turns: 5493, Time: 00:15:50

Health: -3/105     AC:  7    Str: 24    XL:     10   Next: 2%
Magic:  10/10      EV: 11    Int: 13    God:    Xom [.*....]
Gold:   301        SH:  0    Dex: 14    Spells: 9/9 levels left

rFire    . . .     SeeInvis .   a - +0 spear (chaos)
rCold    . . .     Gourm    .   (no shield)
rNeg     . . .     Faith    .   b - +2 leather armour
rPois    .         Spirit   .   (helmet restricted)
rElec    .         Reflect  .   (no cloak)
rCorr    .         Harm     .   (no gloves)
MR       .....                  (no boots)
Stlth    ..........             i - amulet of rage
Regen    0.3/turn               (no ring)
MPRegen  0.2/turn               (no ring)

@: berserking, drained, very quick
A: horns 1, talons 2, icy blue scales 1, agile 1, demonic guardian 1, low mp 1,
nightstalker 1, strong 1
a: Renounce Religion, Evoke Berserk Rage


You were on level 8 of the Dungeon.
You worshipped Xom.
You were a plaything of Xom.
You were near starving.

You visited 1 branch of the dungeon, and saw 8 of its levels.

You collected 301 gold pieces.

Inventory:

Hand Weapons
 a - a +0 spear of chaos (weapon)
Missiles
 h - 5 needles of sleeping
 B - 3 tomahawks of returning (quivered)
Armour
 b - a +2 leather armour (worn)
 s - a +0 helmet
Magical Staves
 v - an uncursed staff of wizardry {unknown}
Jewellery
 i - an amulet of rage (around neck)
 k - a -2 ring of evasion
 p - a -2 ring of intelligence
Wands
 u - a wand of paralysis (10/24)
 E - a wand of random effects (23/48)
Scrolls
 e - 6 scrolls of identify
 f - a scroll of fog
 m - 7 scrolls of remove curse
 o - a scroll of immolation {unknown}
 t - 2 scrolls of amnesia {unknown}
 x - 2 scrolls of teleportation {unknown}
 y - 2 scrolls of enchant weapon {unknown}
 A - a scroll of enchant armour {unknown}
 D - 2 scrolls of random uselessness {unknown}
Potions
 d - a potion of brilliance
 g - 4 potions of curing
 j - 2 potions of agility
 q - a potion of flight {unknown}
 r - 2 potions of resistance {unknown}
 z - a potion of ambrosia {unknown}
 C - 2 potions of lignification {unknown}
 F - 4 potions of heal wounds {unknown}
Books
 G - a book of Flames

   Spells                             Type                      Level
   a - Flame Tongue                   Conjuration/Fire             1
   b - Throw Flame                    Conjuration/Fire             2
   c - Conjure Flame                  Conjuration/Fire             3
   d - Inner Flame                    Hexes/Fire                   3
   e - Sticky Flame                   Conjuration/Fire             4
   f - Fireball                       Conjuration/Fire             5
Comestibles
 c - 7 bread rations
 l - 3 meat rations
 w - 5 fruits
 H - 5 royal jellies


   Skills:
 - Level 3.0(2.6) Fighting
 * Level 12.9(12.5) Polearms
 - Level 1.7(1.4) Armour
 - Level 0.8(0.5) Dodging
 - Level 2.4(2.1) Evocations


You had 9 spell levels left.
You didn't know any spells.

Dungeon Overview and Level Annotations

Branches:
Dungeon (8/15)             Temple (0/1) D:5
   Lair: D:8-11

Altars:
Ashenzari
Hepliaklqana
Ru
Sif Muna
Uskayaw
Xom
Zin


Innate Abilities, Weirdness & Mutations

You have razor-sharp toenails.
You are partially covered in icy blue scales. (AC +2)
A weak demonic guardian rushes to your aid.
You are slightly more attuned to the shadows.
You have a pair of small horns on your head.
You are agile. (Dex +2)
Your magical capacity is low. (-10% MP)
Your muscles are strong. (Str +2)


Message History

You headbutt the meliai zombie.
The meliai zombie is almost destroyed.
Something hits you.
* * * LOW HITPOINT WARNING * * *
Something hits you.
* * * LOW HITPOINT WARNING * * *
A red film seems to cover your vision as you go berserk!
You feel yourself moving faster!
You feel mighty!
You are near starving!
The meliai zombie misses you.
The meliai zombie hits you but does no damage.
Something hits you but does no damage. Something hits you.
* * * LOW HITPOINT WARNING * * *
The meliai zombie hits you!
* * * LOW HITPOINT WARNING * * *
The meliai zombie hits you but does no damage.
Something hits you!
* * * LOW HITPOINT WARNING * * *
Something hits you.
You die...

######.# #.##....#.##..
#......# #.# ##.>##.#
#......# #.# ###..###..
#......# #.# #...###...
#......# #.###.### #.##
#......# #.##..# #.##
#......# #.##.## ##.##
#.....Z###.##.# #..##
#....{@.##.##.#####....
#.......##.##†...##....
#.......##.#...........
####.#...#.##....#.....
#.#.#.#.##....##....
#.#.#.†..#..####....
#....##.....# #....
#.... #.##..# #....
#.... #.#...# #....


You could see a meliai zombie.

Vanquished Creatures
  Grinder (D:5)
  A hippogriff (D:7)
  4 hogs (D:7)
  Menkaure (D:7)
  Edmund (D:6)
  An orc warrior (D:7)
  2 sky beasts (D:8)
  3 phantoms
  An ogre (D:6)
  3 centaurs
  5 bullfrogs
  A scorpion (D:7)
  A wight (D:8)
  3 crimson imps
  A hound (D:8)
  4 orc wizards
  A centaur skeleton (D:3)
  An iron imp (D:6)
  Ijyb (D:5)
  2 gnoll shamans
  3 worker ants
  A hound zombie (D:8)
  A hound skeleton (D:5)
  A worker ant zombie (D:6)
  11 gnolls
  8 adders
  A shadow imp (D:6)
  2 oozes
  An adder zombie (D:5)
  An adder skeleton (D:5)
  5 worms
  A dart slug (D:1)
  3 leopard geckos
  17 orcs
  5 giant cockroaches
  7 goblins
  9 hobgoblins
  4 jackals (D:2)
  9 kobolds
  A quokka (D:2)
  3 ball pythons
  10 bats
  4 frilled lizards
  2 quokka zombies (D:8)
  10 rats
158 creatures vanquished.

Vanquished Creatures (collateral kills)
  The ghost of Chisa the Cudgeler, a novice HOFi of Beogh (D:6)
  A golden eye (shapeshifter) (D:7)
  A sky beast (D:7)
  A scorpion (D:6)
  3 wights (D:8)
  A howler monkey (D:4)
  A crimson imp (D:7)
  A gnoll (D:7)
  An adder (D:8)
  An orc (D:8)
12 creatures vanquished.

Vanquished Creatures (others)
  A fire vortex (D:1)
1 creature vanquished.

Grand Total: 171 creatures vanquished

Notes
Turn   | Place    | Note
-------+----------+-------------------------------------------
     0 | D:1      | gobwax the Demonspawn Chaos Knight began the quest for the Orb.
     0 | D:1      | Reached XP level 1. HP: 18/18 MP: 1/1
    49 | D:1      | XOM: potion effect (might)
   105 | D:1      | Reached skill level 3 in Polearms
   176 | D:1      | Gained mutation: You have sharp toenails. [demonic ancestry]
   176 | D:1      | Reached XP level 2. HP: 24/24 MP: 2/2
   223 | D:1      | XOM: mild Fire miscast
   226 | D:1      | XOM: butterfly on damage
   243 | D:1      | XOM is BORED!
   243 | D:1      | XOM: medium Hex miscast
   526 | D:1      | XOM: god gift: 5 needles of sleeping
   553 | D:1      | XOM: scenery: create altars
   874 | D:1      | XOM: god gift: dented filigree amulet {god gift}
   976 | D:1      | Gained mutation: A weak demonic guardian rushes to your aid. [demonic ancestry]
   976 | D:1      | Reached XP level 3. HP: 29/29 MP: 3/3
  1079 | D:2      | Reached skill level 4 in Polearms
  1264 | D:2      | XOM: cloud trail
  1550 | D:2      | XOM: divination: magic mapping
  1551 | D:2      | Reached XP level 4. HP: 32/35 MP: 4/4
  1752 | D:3      | Reached skill level 5 in Polearms
  2033 | D:3      | XOM: confusion (+ monsters)
  2056 | D:3      | Gained mutation: You have razor-sharp toenails. [demonic ancestry]
  2056 | D:3      | Reached XP level 5. HP: 41/41 MP: 5/5
  2078 | D:3      | Found a sacrificial altar of Ru.
  2314 | D:3      | XOM: mild Hex miscast
  2329 | D:3      | XOM: cleaving
  2342 | D:3      | XOM: harmless Tloc miscast
  2625 | D:3      | XOM: scenery: create altars
  2769 | D:4      | You fall through a shaft for 3 floors!
  2822 | D:7      | Noticed a centaur
  2831 | D:7      | Killed a centaur
  2831 | D:7      | Reached skill level 6 in Polearms
  2831 | D:7      | Reached XP level 6. HP: 36/47 MP: 6/6
  2843 | D:7      | Noticed a hippogriff
  2852 | D:7      | Killed a hippogriff
  2852 | D:7      | Reached skill level 7 in Polearms
  2882 | D:7      | Noticed a sky beast
  2882 | D:7      | XOM: summons 6 friendly demons
  2890 | D:7      | Killed a sky beast
  2890 | D:7      | Gained mutation: You are partially covered in icy blue scales. (AC +2) [demonic ancestry]
  2890 | D:7      | Reached XP level 7. HP: 48/52 MP: 7/7
  2895 | D:7      | Gained mutation: You have a pair of small horns on your head. [mutagenic meat]
  3234 | D:6      | XOM: god gift: crooked jewelled staff {god gift}
  3258 | D:6      | Reached skill level 8 in Polearms
  3368 | D:6      | Noticed Chisa's ghost (novice HOFi)
  3371 | D:6      | XOM: swap monsters
  3381 | D:6      | Killed Chisa's ghost
  3381 | D:6      | Reached skill level 9 in Polearms
  3381 | D:6      | Reached skill level 1 in Evocations
  3381 | D:6      | Reached XP level 8. HP: 58/58 MP: 8/8
  3400 | D:6      | XOM: mild Hex miscast
  3460 | D:6      | Noticed Edmund
  3470 | D:6      | XOM: repel stairs
  3505 | D:6      | XOM: mild Necr miscast
  3509 | D:6      | Killed Edmund
  3509 | D:6      | Reached skill level 10 in Polearms
  3611 | D:5      | Entered Level 5 of the Dungeon
  3675 | D:5      | Found a hazy altar of Hepliaklqana.
  3731 | D:5      | Noticed Ijyb
  3743 | D:5      | Killed Ijyb
  3809 | D:5      | Found a staircase to the Ecumenical Temple.
  3892 | D:5      | Found a shattered altar of Ashenzari.
  3979 | D:5      | Noticed Grinder
  3995 | D:5      | Killed Grinder
  4054 | D:5      | XOM: scenery: create altars
  4074 | D:6      | XOM: cloud trail
  4192 | D:7      | XOM: cast spell 'Summon Small Mammal'
  4221 | D:7      | Gained mutation: You are slightly more attuned to the shadows. [demonic ancestry]
  4221 | D:7      | Reached XP level 9. HP: 51/62 MP: 10/10
  4225 | D:7      | Noticed Menkaure
  4228 | D:7      | Reached skill level 11 in Polearms
  4234 | D:7      | Killed Menkaure
  4449 | D:7      | Found a deep blue altar of Sif Muna.
  4531 | D:7      | XOM: summons friendly ufetubus
  4537 | D:7      | XOM: cast spell 'Metabolic Englaciation'
  4562 | D:7      | Reached skill level 12 in Polearms
  4577 | D:7      | XOM: cloud trail
  4649 | D:8      | XOM: cast spell 'Olgreb's Toxic Radiance'
  4875 | D:8      | XOM: silly message
  5144 | D:8      | XOM: noise
  5148 | D:8      | Found a glowing silver altar of Zin.
  5152 | D:8      | Found a hide-covered altar of Uskayaw.
  5298 | D:8      | Gained mutation: Your magical capacity is low. (-10% MP) [mutagenic meat]
  5299 | D:8      | Gained mutation: Your muscles are strong. (Str +2) [mutagenic meat]
  5300 | D:8      | Gained mutation: Your body sometimes deteriorates upon taking damage. [mutagenic meat]
  5301 | D:8      | Gained mutation: You are agile. (Dex +2) [mutagenic meat]
  5303 | D:8      | Lost mutation: Your body sometimes deteriorates upon taking damage. [mutagenic meat]
  5325 | D:8      | XOM: divination: detect items
  5331 | D:8      | XOM: polymorph shadow imp -> hell rat
  5350 | D:8      | Reached XP level 10. HP: 48/70 MP: 10/10
  5375 | D:8      | XOM: enchant monster (good)
  5409 | D:8      | XOM: confuse monster(s)
  5493 | D:8      | HP: 1/105 [something (9)]
  5493 | D:8      | Slain by a meliai zombie

Skill      XL: |  1  2  3  4  5  6  7  8  9 |
---------------+----------------------------+-----
Polearms       | 3 4 5 6 7 9 10 12 | 12.9
Evocations     | 1 2 |  2.4
Fighting       | |  3.0
Armour         | |  1.7
Dodging        | |  0.8

Action                   |  1- 3 |  4- 6 |  7- 9 | 10-12 || total
-------------------------+-------+-------+-------+-------++-------
Melee: Spear             |   137 |   142 |   393 |    29 ||   701
       Kick              |    15 |    19 |    92 |     6 ||   132
       Headbutt          |       |       |    57 |     6 ||    63
Throw: Tomahawk          |       |       |     2 |       ||     2
 Abil: Evoke Berserk Rag |       |     1 |     6 |     1 ||     8
  Use: Potion            |     1 |       |     2 |       ||     3
       Scroll            |     1 |     2 |       |       ||     3
 Stab: Paralysed         |       |     2 |     2 |       ||     4
       Distracted        |       |       |     5 |     1 ||     6
       Confused          |       |       |     1 |     3 ||     4
       Petrifying        |       |       |     1 |       ||     1
       Petrified         |       |       |     1 |       ||     1
       Sleeping          |       |       |     1 |       ||     1
  Eat: Chunk             |     2 |     5 |    19 |       ||    26
       Royal jelly       |       |       |     1 |       ||     1
Armor: Leather armour    |    50 |    29 |    52 |     7 ||   138
Dodge: Dodged            |    64 |    72 |   113 |     5 ||   254
